 Dungeon Crawl Stone Soup version 0.29-a0-584-gb10a8bf730 (webtiles) character file.

Game seed: 13700253452507012340

443 KristoblXynda the Slasher (level 6, -2/53 HPs)
             Began as a Draconian Gladiator on June 15, 2022.
             Slain by a black bear (5 damage)
             ... on level 5 of the Dungeon.
             The game lasted 00:04:03 (3982 turns).

KristoblXynda the Slasher (Draconian Gladiator)     Turns: 3982, Time: 00:04:03

Health: -2/53      AC:  7    Str: 16    XL:     6   Next: 71%
Magic:  6/6        EV: 17    Int:  9    God:
Gold:   164        SH:  0    Dex: 14    Spells: 5/5 levels left

rFire   . . .      SeeInvis .   a - +0 long sword
rCold   . . .      Faith    .   (no shield)
rNeg    . . .      Spirit   .   (body armour unavailable)
rPois   .          Reflect  .   b - +0 hat
rElec   .          Harm     .   (no cloak)
rCorr   .          Rampage  .   k - +0 pair of gloves
Will    .....                   (no boots)
Stlth   +.........              (no amulet)
HPRegen 0.17/turn               f - +4 ring of evasion
MPRegen 0.10/turn               (no ring)

@: no status effects
A: AC +6, unfitting armour, cold-blooded
a: no special abilities


You were on level 5 of the Dungeon.
You visited 1 branch of the dungeon, and saw 5 of its levels.

You collected 164 gold pieces.

Inventory:

Hand Weapons
 a - a +0 long sword (weapon)
Missiles
 c - 2 throwing nets (quivered)
 d - a javelin
Armour
 b - a +0 hat (worn)
 k - a +0 pair of gloves (worn)
Jewellery
 f - a +4 ring of evasion (left hand)
Wands
 e - a wand of paralysis (9)
Scrolls
 g - 3 scrolls of enchant weapon
 l - a scroll of silence {unknown}
 n - a scroll of amnesia {unknown}
 p - a scroll of noise {unknown}
 r - 2 scrolls of teleportation {unknown}
 s - 3 scrolls of blinking {unknown}
Potions
 h - a potion of attraction
 i - a potion of curing
 j - a potion of lignification
 m - 2 potions of ambrosia
 o - a potion of heal wounds
 q - a potion of haste
 t - a potion of resistance


   Skills:
 + Level 4.3 Fighting
 * Level 5.6 Long Blades
 - Level 2.0 Throwing
 + Level 4.1 Dodging


You had 5 spell levels left.
You didn't know any spells.
Your spell library contained the following spells:

 Spells                   Type           Power      Damage    Failure   Level
 Conjure Flame            Conj/Fire      0%         6-21      77%         3
 Ignite Poison            Fire/Tmut/Pois 0%         N/A       77%         3
 Ozocubu's Armour         Ice            0%         N/A       77%         3
 Sticky Flame             Conj/Fire      0%         2d3       99%         4
 Metabolic Englaciation   Hex/Ice        0%         N/A       100%        5
 Simulacrum               Ice/Necr       0%         N/A       100%        6


Dungeon Overview and Level Annotations

Branches:
Dungeon (5/15)             Temple (0/1) D:5

Altars:
Dithmenos
Elyvilon
Gozag
Qazlal
Vehumet
Wu Jian
Zin
Beogh

Annotations:
D:4 3 runed translucent doors, sefie's ghost, amateur DgEE
D:5 Blork the orc


Innate Abilities, Weirdness & Mutations

Your plain brown scales are hard. (AC +6)
You cannot fit into any form of body armour.
You are cold-blooded and may be slowed by cold attacks.


Message History

The black bear closely misses you. The black bear claws you.
The black bear claws you but does no damage.
You hit the black bear. You tail-slap the black bear.
The black bear is severely wounded.
The worm bites you.
The black bear bites you but does no damage.
The black bear claws you but does no damage.
The black bear barely misses you.
You barely miss the black bear.
Your tail-slap misses the black bear.
The black bear is severely wounded.
The black bear goes berserk!
You hit the black bear.
The black bear is almost dead.
The black bear closely misses you. The black bear barely misses you.
The black bear completely misses you. The worm bites you.
You barely miss the black bear.
Your tail-slap misses the black bear.
The black bear is almost dead.
The black bear bites you. The black bear closely misses you.
The black bear claws you. The black bear misses you.
The black bear barely misses you. The black bear completely misses you.
The worm completely misses you.
You barely miss the black bear.
Your tail-slap misses the black bear.
The black bear is almost dead.
The black bear closely misses you. x3; The black bear bites you.
The black bear claws you. The black bear closely misses you.
You hit the black bear.
Your tail-slap misses the black bear.
The black bear is almost dead.
The black bear barely misses you. x3; The worm bites you!
The black bear bites you.
The black bear claws you but does no damage. x2
You hit the black bear but do no damage.
The black bear is severely wounded.
The black bear bites you. The black bear barely misses you.
The black bear misses you. The worm bites you!
* * * LOW HITPOINT WARNING * * *
Unknown command.
The black bear bites you.
* * * LOW HITPOINT WARNING * * *
The black bear claws you.
You die...

#####
##...##
##..@..##
#...h...#
.....#. .
+....[w.#
#..... ..
#.......#
##..... #.
##.....##
##..$#.. #$
##...##
##......# #.
#####
........###.
l........#.o
............


You could see a black bear (berserk) and a worm.

Vanquished Creatures
  Sigmund (D:3)
  A scorpion (D:5)
  A hound (D:2)
  2 iguanas
  An orc wizard (D:4)
  3 adders
  An ufetubus (D:5)
  2 worms
  4 dart slugs
  3 orcs (D:4)
  3 ball pythons
  A bat (D:1)
  6 endoplasms
  3 giant cockroaches
  5 goblins
  5 hobgoblins
  3 jackals (D:4)
  3 quokkas
  A frilled lizard (D:1)
  6 kobolds (D:2)
  4 rats (D:1)
59 creatures vanquished.

Notes
Turn   | Place    | Note
-------+----------+-------------------------------------------
     0 | D:1      | KristoblXynda the Draconian Gladiator began the quest for
                  | the Orb.
     0 | D:1      | Reached XP level 1. HP: 17/17 MP: 1/1
   164 | D:1      | Reached XP level 2. HP: 21/25 MP: 2/2
   238 | D:1      | Found a faded altar of an unknown god.
  1137 | D:2      | Reached XP level 3. HP: 19/30 MP: 3/3
  1326 | D:2      | Reached XP level 4. HP: 28/38 MP: 4/4
  1793 | D:3      | Reached skill level 4 in Long Blades
  2067 | D:3      | Noticed Sigmund
  2279 | D:3      | Killed Sigmund
  2280 | D:3      | Reached skill level 5 in Long Blades
  2280 | D:3      | Reached XP level 5. HP: 28/46 MP: 5/5
  2551 | D:3      | Reached XP level 6. HP: 52/52 MP: 6/6
  2844 | D:4      | Identified the +3 spear "Qiunid" {vorpal, Contam rCorr
                  | Str+2}
  2844 | D:4      | Identified the +1 leather armour "Quegoaja" {Contam rF+
                  | Int+4 SInv}
  2845 | D:4      | Found a runed translucent gate.
  2845 | D:4      | Noticed sefie's ghost (amateur DgEE)
  2846 | D:4      | Found a runed translucent gate.
  2847 | D:4      | Found a runed translucent gate.
  2848 | D:4      | Identified the +2 plate armour "Needih" {+Inv}
  2848 | D:4      | Noticed an orc warrior
  3316 | D:4      | Found a shadowy altar of Dithmenos.
  3324 | D:4      | Found an opulent altar of Gozag.
  3331 | D:4      | Found a glowing silver altar of Zin.
  3338 | D:4      | Found a radiant altar of Vehumet.
  3353 | D:4      | Found a white marble altar of Elyvilon.
  3361 | D:4      | Found a stormy altar of Qazlal.
  3366 | D:4      | Found an ornate altar of the Wu Jian Council.
  3536 | D:5      | Entered Level 5 of the Dungeon
  3899 | D:5      | Noticed Blork the orc
  3902 | D:5      | Found a staircase to the Ecumenical Temple.
  3982 | D:5      | Slain by a black bear

Illustrated notes

Levels and vault maps discovered:
D:1:      amcnicky_arrival_blooded_trapdoor, layout_loops_ring,
          hellmonk_ecumenical_altar_defaced_shrine
D:2:      layout_rooms, minmay_misc_feat_room, minivault_25, kennysheep_doodads,
          minmay_misc_feat_cross
D:3:      minmay_angry_zag, layout_rooms, uniq_sigmund
D:4:      layout_basic, grunt_temple_overflow_octagram,
          biasface_ghost_orc_armoury
D:5:      kennysheep_six_static_rooms, layout_rooms, minmay_temple_entry_wispy,
          uniq_blork_the_orc, uniq_eustachio

Skill      XL: |  1  2  3  4  5  6 |
---------------+-------------------+-----
Throwing       | 2 |  2.0
Dodging        | 3 4 |  4.1
Fighting       | 3 4 |  4.3
Long Blades    | 5 |  5.6

Action                   |  1- 3 |  4- 6 || total
-------------------------+-------+-------++-------
Melee: Long sword        |    68 |   118 ||   186
       Tailslap          |     5 |    18 ||    23
       Punch             |     1 |     1 ||     2
Throw: Throwing net      |       |     2 ||     2
  Use: Scroll            |       |     7 ||     7
       Potion            |       |     1 ||     1
 Stab: Sleeping          |     1 |     2 ||     3
       Held in net/web   |       |     1 ||     1
Armor: Skin              |    19 |    29 ||    48
Dodge: Dodged            |    52 |    97 ||   149

Table legend: (Time is in decaauts)
 A = Elapsed time spent in this place.
 B = Non-inter-level travel time spent in this place.
 C = Inter-level travel time spent in this place.
 D = Time resting spent in this place.
 E = Time spent auto-exploring this place.
 F = Levels seen in this place.
 G = Mean time per level.
                   A        B        C        D        E       F      G
               +--------+--------+--------+--------+--------+-----+--------+
         Total |   4024 |   3803 |    221 |    538 |   2727 |   5 |  804.8 |
       Dungeon |   4024 |   3803 |    221 |    538 |   2727 |   5 |  804.8 |
               +--------+--------+--------+--------+--------+-----+--------+

Top non-repeatable levels by time:
     D:1: 987 daAuts
     D:4: 916 daAuts
     D:2: 891 daAuts
     D:3: 827 daAuts
     D:5: 402 daAuts
